 Dungeon Crawl Stone Soup version 0.22-a0-389-g8519d86 (webtiles) character file.

30 Kairos the Shield-Bearer (level 3, 19/19 HPs)
             Began as a Vine Stalker Fighter on Apr 30, 2018.
             Quit the game on level 1 of the Dungeon.
             The game lasted 00:01:14 (1072 turns).

Kairos the Shield-Bearer (Vine Stalker Fighter)     Turns: 1072, Time: 00:01:15

Health: 19/19      AC:  6    Str: 19    XL:     3   Next: 20%
Magic:  4/4        EV:  7    Int:  8    God:
Gold:   43         SH:  9    Dex: 13    Spells: 2/2 levels left

rFire    . . .     SeeInvis .   a - +0 war axe
rCold    . . .     Gourm    .   c - +0 shield
rNeg     . . .     Faith    .   b - +0 scale mail
rPois    .         Spirit   +   (no helmet)
rElec    .         Reflect  .   (no cloak)
rCorr    .         Harm     .   (no gloves)
MR       .....                  (no boots)
Stlth    ..........             (no amulet)
HPRegen  0.06/turn              (no ring)
MPRegen  0.09/turn              (no ring)

@: very slightly contaminated, invisible
A: fangs 2, magic shield, antimagic bite, no potion heal 3, rot immunity
a: no special abilities


You were on level 1 of the Dungeon.
You were hungry.

You visited 1 branch of the dungeon, and saw 1 of its levels.

You collected 43 gold pieces.

Inventory:

Hand Weapons
 a - a +0 war axe (weapon)
Armour
 b - a +0 scale mail (worn)
 c - a +0 shield (worn)
Scrolls
 k - a scroll of fear
Potions
 d - 2 potions of might
Comestibles
 f - 2 rations


   Skills:
 + Level 2.9 Fighting
 + Level 2.2 Axes
 + Level 2.7 Armour
 + Level 0.3 Dodging
 + Level 2.9 Shields


You had 2 spell levels left.
You didn't know any spells.

Dungeon Overview and Level Annotations

Branches:
Dungeon (1/15)

Altars:


Innate Abilities, Weirdness & Mutations

You have extremely sharp teeth.
When hurt, damage is shared between your health and your magic reserves.
Your bite disrupts and absorbs the magic of your enemies.
Potions cannot restore your health.
You are immune to rotting.


Message History

Things that are here:
a dagger; a goblin corpse You are feeling hungry.
k - a scroll labeled BIHOKHI IBIJAU Done exploring.
No target in view!
Done exploring.
Done exploring.
Done exploring.
It was a potion of curing.
That felt strangely inert.
It was a potion of heal wounds.
That seemed strangely inert.
It was a potion of invisibility.
You fade into invisibility!
You are very lightly contaminated with residual magic.
As you read the scroll labeled FUCEUTABIO, it crumbles to dust.
You feel blessed for a moment.
It was a scroll of remove curse.
As you read the scroll labeled WUANKE NAVUP, it crumbles to dust.
It is a scroll of identify.
k - a scroll of fear Are you sure you want to abandon this character and quit the game? (Confirm with "yes".)

##..###..## #.# #...#
##..##
##..###.######..##########
#..##
##..##...................
..##
##).#########..#########
.###########..#####
#.>........)
................(.#
############
##.#..#.##.###..#.#
..###.#.##...#.##.#
......#........#@.#
#####.#.######...## ##
#...# ##...## .## #####
##..(## ..###...###...##
...#..<..#...##
#...........##
###...#....## ##########


There were no monsters in sight!

Vanquished Creatures
  A dart slug (D:1)
  A leopard gecko (D:1)
  A ball python (D:1)
  A giant cockroach (D:1)
  4 goblins (D:1)
  7 hobgoblins (D:1)
  2 jackals (D:1)
  2 kobolds (D:1)
  2 bats (D:1)
  A frilled lizard (D:1)
  3 rats (D:1)
25 creatures vanquished.

Notes
Turn   | Place    | Note
-------+----------+-------------------------------------------
     0 | D:1      | Kairos the Vine Stalker Fighter began the quest for the Orb.
     0 | D:1      | Reached XP level 1. HP: 11/11 MP: 2/2
    62 | D:1      | Reached XP level 2. HP: 4/16 MP: 1/3
   699 | D:1      | Reached XP level 3. HP: 18/19 MP: 2/4
  1072 | D:1      | Quit the game

Vault maps used:
D:1:      dpeg_chamrin_arrival_tetris

Skill      XL: |  1  2 |
---------------+-------+-----
Axes           | 2 |  2.2
Fighting       | |  2.9
Armour         | |  2.7
Dodging        | |  0.3
Shields        | |  2.9

Action                   || total
-------------------------++-------
Melee: War axe           ||    74
       Bite              ||    22
  Use: Potion            ||     3
       Scroll            ||     2
Armor: Scale mail        ||    36
Dodge: Dodged            ||    24
Block: Shield            ||    39

Table legend:
 A = Spawn XP
 B = Non-spawn XP
 C = Spawn XP percentage of total XP
 D = Spawn monster count
 E = Non-spawn monster count
 F = Spawn count percentage of total count
 G = Total turns spent on level
                    A         B        C        D         E        F      G
               +---------+---------+-------+---------+---------+-------+---------
         Total |       0 |      44 |   0.0 |       0 |      25 |   0.0 |  1072
               +---------+---------+-------+---------+---------+-------+---------
           D:1 |       0 |      44 |   0.0 |       0 |      25 |   0.0 |  1072
               +---------+---------+-------+---------+---------+-------+---------
